cohdb
Replays
Latest Replays
All Replays
Popular Replays
Top Player Replays
Match Explorer
How It Works
Community
CoH3 Stats
Reddit
Sign in to upload your games and track your stats! →
Sign in with Steam
Match 39491102
Unlisted
Match 39491102
Overview
Messages
Build Orders
End
Panzerpioneer Squad
Selects Panzerjäger Kommand Battlegroup
Selects Blockade Equipment
250 Light Carrier
Kradschützen Motorcycle Team
250 Light Carrier
Construct Light Support Kompanie
Combat Half-tracks
MG34 Team
Selects GrB 39 Grenade Launcher Requisition
Construct Mechanized Kompanie
Assault Mechanized Group
Panzerjäger Squad
250 Light Carrier
Vehicle Survival Package
Selects Crew Shock Tactics
MG34 Team
Tungsten Core Ammunition
Panzerjäger Mechanized Group
Construct Panzerarmee Kommand
Walking Stuka Rocket Launcher
Selects Anti-tank Overwatch
Anti-tank Overwatch
Anti-tank Overwatch
『BlackBear』
ChiefRedSkins
0
0
Comments
sign in to comment!
No comments posted yet!